 Dungeon Crawl Stone Soup version 0.30-a0-12-gd8047c6341 (webtiles) character file.

Game seed: 3980226189364701493

538 Pelinal the Frost Mage (level 7, -8/46 HPs)
             Began as a Merfolk Ice Elementalist on Aug 23, 2022.
             Was an Initiate of Ashenzari.
             Mangled by a shadow (32 damage)
             ... on level 5 of the Dungeon.
             The game lasted 00:11:22 (5264 turns).

Pelinal the Frost Mage (Merfolk Ice Elementalist)   Turns: 5264, Time: 00:11:22

Health: -8/46      AC: 10    Str:  8    XL:     7   Next: 26%
Magic:  6/10       EV: 13    Int: 16    God:    Ashenzari [......]
Gold:   252        SH:  0    Dex: 15    Spells: 3/10 levels left

rFire   . . .      SeeInvis .    a - +1 short sword (holy)
rCold   . . .      Faith    .    (no shield)
rNeg    . . .      Spirit   .    r - +0 robe
rPois   .          Reflect  .    (no helmet)
rElec   .          Harm     .    q - +0 cloak
rCorr   .          Rampage  .    (no gloves)
Will    .....                    (no boots)
Stlth   ++........               (no amulet)
HPRegen 0.15/turn                F - ring of wizardry
MPRegen 0.12/turn                (no ring)

@: ice-armoured
A: (nimble swimmer 2), mertail
a: Renounce Religion


You were on level 5 of the Dungeon.
You worshipped Ashenzari.
Ashenzari was noncommittal.
You visited 2 branches of the dungeon, and saw 6 of its levels.

You collected 252 gold pieces.

Inventory:

Hand Weapons
 a - a +1 short sword of holy wrath (weapon)
 b - a +0 sling
 l - a +0 spear
 o - a +0 halberd
Missiles
 x - 2 throwing nets
 C - 4 atropa-tipped darts
Armour
 q - a +0 cloak (worn)
 r - a +0 robe (worn)
 t - a +0 leather armour
Magical Staves
 d - a staff of poison
Jewellery
 F - a ring of wizardry (left hand)
Scrolls
 c - 2 scrolls of torment {unknown}
 h - a scroll of enchant armour {unknown}
 i - a scroll of poison {unknown}
 k - a scroll of summoning {unknown}
 n - a scroll of magic mapping {unknown}
 u - a scroll of enchant weapon {unknown}
 w - a scroll of fear {unknown}
 y - a scroll of vulnerability {unknown}
 z - 2 scrolls of teleportation {unknown}
 A - 2 scrolls of blinking {unknown}
Potions
 e - a potion of invisibility {unknown}
 f - 2 potions of haste
 g - 3 potions of curing
 j - 3 potions of heal wounds
 m - a potion of attraction {unknown}
 p - a potion of mutation {unknown}
 s - 2 potions of magic
 v - 2 potions of lignification
 B - a potion of ambrosia {unknown}
 D - a potion of cancellation {unknown}
 E - 2 potions of might {unknown}
 G - a potion of flight {unknown}


   Skills:
 + Level 1.5 Throwing
 - Level 2.8 Dodging
 + Level 2.5 Stealth
 - Level 2.0 Spellcasting
 - Level 9.0 Ice Magic


You had 3 spell levels left.
You knew the following spells:

 Your Spells              Type           Power      Damage    Failure   Level
a - Freeze                Ice            100%       1d11      1%          1
b - Frozen Ramparts       Ice            60%        1d10      1%          3
c - Ozocubu's Armour      Ice            30%        N/A       1%          3

Your spell library contained the following spells:

 Spells                   Type           Power      Damage    Failure   Level
 Slow                     Hex            4%         N/A       9%          1
 Static Discharge         Conj/Air       1%         3-4/arc   12%         2
 Confusing Touch          Hex            1%         N/A       24%         3
 Vampiric Draining        Necr           1%         2d6       24%         3
 Hailstorm                Conj/Ice       16%        3d6       13%         4
 Lightning Bolt           Conj/Air       0%         1d11      89%         5
 Malign Gateway           Summ/Tloc      0%         N/A       100%        7
 Maxwell's Capacitive Co  Air            0%         ∞         100%        8
 Summon Horrible Things   Summ           0%         N/A       100%        8


Dungeon Overview and Level Annotations

Branches:
Dungeon (5/15)             Temple (1/1) D:5

Altars:
Ashenzari
Cheibriados
Dithmenos
Elyvilon
Fedhas
Gozag
Makhleb
Okawaru
Qazlal
Sif Muna
Trog
Vehumet
Wu Jian
Yredelemnul
The Shining One


Innate Abilities, Weirdness & Mutations

((You are very nimble when in or above water. (Stealth+, EV+, Speed+++)))
Your lower body shifts to a powerful aquatic tail in water.


Message History

The wall freezes the shadow but does no damage.
The shadow closely misses you.
The wall freezes the orc priest.
You kill the orc priest!
Unknown command.
You hit the shadow but do no damage.
The frozen ramparts melt away.
The shadow slips into darkness.
The shadow flickers and vanishes!
Deactivating autopickup; reactivate with Ctrl-A.
Your icy armour will break if you move.
Continue? [Y]es or [N]o only, please.
Your icy armour will break if you move.
Continue?
Okay, then.
Unknown command.
You hit something.
The shadow strikes at you from the darkness!
Reactivating autopickup.
You hit the shadow.
The shadow convulses.
The shadow is severely damaged.
The shadow hits you.
You closely miss the shadow.
The shadow is severely damaged.
The shadow hits you.
You barely miss the shadow.
The shadow is severely damaged.
The shadow barely misses you. The shadow hits you.
You closely miss the shadow.
The shadow is severely damaged.
The shadow hits you.
You hit the shadow.
The shadow convulses.
The shadow is severely damaged.
The shadow hits you.
You hit the shadow but do no damage.
The shadow is severely damaged.
The shadow slips into darkness.
The shadow flickers and vanishes!
Deactivating autopickup; reactivate with Ctrl-A.
You hit something but do no damage.
The shadow strikes at you from the darkness!
Ouch! That really hurt!
You die...

.... .. .... #. .... #W### ....##
##...#### .....##.####.o..##
#........#####..## #.# ....#
##.)# #.## # #...###{### #. #
#..# #.###...@)..##.^. #
##.###...#####.#....# #. # #..#
#...###...##......#####
######)######....................
...............######.#.##.#.....
#######.#####.(....# .# #.###. #
#.####..####.# .. #.# #. ##
#......## ..# #.# ## .# ###(.###
.. ##.## #.#


There were no monsters in sight!

Vanquished Creatures
  A water moccasin (D:5)
  A centaur (D:5)
  A scorpion (D:4)
  A hound (D:5)
  An orc priest (D:5)
  11 adders
  4 gnolls (D:4)
  2 worms (D:3)
  4 dart slugs
  3 orcs
  4 bats
  2 endoplasms
  6 giant cockroaches
  14 goblins
  6 hobgoblins
  9 jackals
  4 quokkas
  7 ball pythons
  5 frilled lizards
  3 kobolds
  3 rats
92 creatures vanquished.

Vanquished Creatures (others)
  A withered plant (D:1)
1 creature vanquished.

Grand Total: 93 creatures vanquished

Notes
Turn   | Place    | Note
-------+----------+-------------------------------------------
     0 | D:1      | Pelinal the Merfolk Ice Elementalist began the quest for
                  | the Orb.
     0 | D:1      | Reached XP level 1. HP: 13/13 MP: 3/3
   152 | D:1      | Reached XP level 2. HP: 16/19 MP: 3/5
   267 | D:1      | Found a faded altar of an unknown god.
   486 | D:1      | Reached skill level 5 in Ice Magic
   893 | D:2      | Reached XP level 3. HP: 19/24 MP: 6/6
   952 | D:2      | Learned a level 3 spell: Frozen Ramparts
  1594 | D:2      | Reached XP level 4. HP: 30/30 MP: 7/7
  1635 | D:2      | Learned a level 3 spell: Ozocubu's Armour
  1883 | D:2      | Reached skill level 6 in Ice Magic
  2690 | D:3      | Reached XP level 5. HP: 27/35 MP: 4/8
  3449 | D:4      | Reached skill level 7 in Ice Magic
  3993 | D:4      | Found a glowing golden altar of the Shining One.
  4027 | D:4      | Reached XP level 6. HP: 41/41 MP: 9/9
  4376 | D:4      | Reached skill level 8 in Ice Magic
  4624 | D:5      | Entered Level 5 of the Dungeon
  4694 | D:5      | Noticed a water moccasin
  4702 | D:5      | Killed a water moccasin
  4703 | D:5      | Reached XP level 7. HP: 46/46 MP: 1/10
  4704 | D:5      | Reached skill level 9 in Ice Magic
  4806 | D:5      | Found a staircase to the Ecumenical Temple.
  4820 | Temple   | Entered the Ecumenical Temple
  4969 | Temple   | Became a worshipper of Ashenzari the Shackled
  5006 | D:5      | Reached skill level 1 in Throwing
  5238 | D:5      | Noticed a shadow
  5264 | D:5      | Mangled by a shadow

Illustrated notes

Levels and vault maps discovered:
D:1:      ebering_hopf_link, layout_rooms, shapermc_ecumenical_altar_flowoftime
D:2:      layout_basic, amcnicky_mini_rare_corridor_liquid,
          amcnicky_mini_corridor_feature, nicolae_hexahallways
D:3:      layout_loops_ring, kennysheep_another_room, minmay_puff
D:4:      layout_loops_ring, mainiacjoe_overflow_six_doors_small, serial_glass,
          glass_columns_a, glass_columns_a, glass_columns_a, glass_columns_b,
          glass_columns_a, glass_columns_a, glass_columns_b, glass_columns_a,
          glass_columns_c, glass_columns_c, glass_columns_b, glass_columns_a,
          glass_columns_c, glass_columns_a, due_unseen_surprise,
          minmay_strange_pillars, item_on_display_a, feat_on_display
D:5:      layout_rooms, minmay_temple_entry_junction
Temple:   jpeg_temple_clearing

Skill      XL: |  1  2  3  4  5  6  7 |
---------------+----------------------+-----
Ice Magic      | 5 6 7 8 9 |  9.0
Throwing       | 1 |  1.5
Dodging        | |  2.8
Stealth        | |  2.5
Spellcasting   | |  2.0

Action                   |  1- 3 |  4- 6 |  7- 9 || total
-------------------------+-------+-------+-------++-------
Melee: Short sword       |    52 |    54 |    25 ||   131
       Tailslap          |     1 |       |       ||     1
 Fire: Sling             |       |    20 |       ||    20
 Cast: Freeze            |    19 |    49 |     6 ||    74
       Frozen Ramparts   |     2 |    10 |     2 ||    14
       Ozocubu's Armour  |       |     5 |     2 ||     7
  Use: Scroll            |       |     5 |       ||     5
 Stab: Sleeping          |     5 |     5 |     1 ||    11
       Distracted        |       |     1 |       ||     1
Armor: Robe              |    13 |    18 |     7 ||    38
       Leather armour    |       |     1 |       ||     1
Dodge: Dodged            |    39 |    67 |    19 ||   125

Table legend: (Time is in decaauts)
 A = Elapsed time spent in this place.
 B = Non-inter-level travel time spent in this place.
 C = Inter-level travel time spent in this place.
 D = Time resting spent in this place.
 E = Time spent auto-exploring this place.
 F = Levels seen in this place.
 G = Mean time per level.
                   A        B        C        D        E       F      G
               +--------+--------+--------+--------+--------+-----+--------+
         Total |   5275 |   5049 |    226 |   1092 |   2780 |   6 |  879.2 |
       Dungeon |   5109 |   4928 |    181 |   1092 |   2672 |   5 | 1021.8 |
        Temple |    166 |    121 |     45 |      0 |    108 |   1 |  166.0 |
               +--------+--------+--------+--------+--------+-----+--------+

Top non-repeatable levels by time:
     D:2: 1322 daAuts
     D:3: 1268 daAuts
     D:4: 1199 daAuts
     D:1: 845 daAuts
     D:5: 474 daAuts
  Temple: 166 daAuts
